 Dungeon Crawl Stone Soup version 0.30.1-10-g1249ef9ec4 (webtiles) character file.

Game seed: 15702006993310525376

103686 adizb the Brawler (level 15, -7/151 HPs)
             Began as a Troll Fighter on Oct 26, 2023.
             Was the Champion of Cheibriados.
             Mangled by an orc warrior
             ... wielding a +0 hand axe
             ... led by Saint Roka
              (10 damage)
             ... while paralysed by an orc sorcerer
             ... on level 2 of the Orcish Mines.
             The game lasted 01:35:17 (13818 turns).

adizb the Brawler (Troll Fighter)                  Turns: 13818, Time: 01:35:22

Health: -7/151     AC: 12    Str: 55    XL:     15   Next: 89%
Magic:  6/21       EV:  1    Int: 19    God:    Cheibriados [******]
Gold:   1986       SH:  0    Dex: 26    Spells: 14/14 levels left

rFire   . .          .
                       - Unarmed
rCold   . . .        b - +2 kite shield
rNeg    . . .        D - +1 troll leather armour
rPois   .            (helmet restricted)
rElec   +            y - +1 cloak
rCorr   .            (gloves unavailable)
SInv    .            (boots unavailable)
Will    +....        F - amulet of regeneration
Stlth   +++          O - ring of the Octopus King {Fly HP+2 AC+2 EV+2 SH+2}
HPRegen 2.85/turn    j - +6 ring of strength
MPRegen 0.17/turn

%: no passive effects
@: paralysed, flying, very slow
A: large, unfitting armour, claws 3, regeneration 1, shaggy fur 1, tough skin 1,
horns 1, thin skeletal structure 1, electricity resistance, MP-powered wands
a: Renounce Religion, Bend Time, Temporal Distortion, Slouch, Step From Time


You were on level 2 of the Orcish Mines.
You worshipped Cheibriados.
Cheibriados was exalted by your worship.
You visited 3 branches of the dungeon, and saw 20 of its levels.
You visited the Abyss 2 times.

You collected 1986 gold pieces.

Inventory:

Missiles
 d - 5 curare-tipped darts
 A - 4 throwing nets
 E - 4 atropa-tipped darts
 L - 17 large rocks (quivered)
Armour
 b - a +2 kite shield (worn)
 i - a +1 robe of willpower
 y - a +1 cloak (worn)
 D - a +1 troll leather armour (worn)
 K - a +2 robe of cold resistance
 R - a +1 robe of fire resistance
Jewellery
 f - a +6 ring of dexterity
 j - a +6 ring of strength (right claw)
 v - a +5 ring of evasion
 F - an amulet of regeneration (around neck)
 G - a +4 ring of slaying
 I - a +4 ring of protection
 O - a ring of the Octopus King (left claw) {Fly HP+2 AC+2 EV+2 SH+2}
   (You found it on level 5 of the Lair of Beasts)

   [ring of flight]

   AC:        It affects your AC (+2).
   EV:        It affects your evasion (+2).
   HP:        It affects your health (+2).
   Fly:       It grants you flight.
   SH:        It affects your SH (+2).
Wands
 s - a wand of paralysis (4)
 u - a wand of flame (42)
 B - a wand of mindburst (21)
Scrolls
 g - a scroll of torment
 h - 5 scrolls of fear
 l - 4 scrolls of magic mapping
 m - a scroll of silence
 p - 2 scrolls of fog
 t - 4 scrolls of poison
 H - 10 scrolls of teleportation
 J - 2 scrolls of enchant weapon
 M - a scroll of brand weapon
 N - a scroll of blinking
 P - a scroll of amnesia
 Q - 2 scrolls of identify
Potions
 a - 4 potions of heal wounds
 c - 5 potions of might
 e - 5 potions of attraction
 k - 7 potions of curing
 n - 2 potions of degeneration {unknown}
 q - 4 potions of magic
 r - 2 potions of mutation
 w - 2 potions of flight
 x - 3 potions of brilliance
 z - 2 potions of cancellation
 C - 4 potions of invisibility
Miscellaneous
 o - a lightning rod (4/4)


   Skills:
 + Level 10.1 Fighting
 + Level 7.0 Armour
 + Level 10.2 Dodging
 + Level 0.3 Stealth
 + Level 11.0 Shields
 * Level 16.2 Unarmed Combat
 + Level 10.5 Invocations


You had 14 spell levels left.
You didn't know any spells.
Your spell library contained the following spells:

 Spells                   Type           Power      Damage    Failure   Level
 Apportation              Tloc           0%         N/A       28%         1
 Freeze                   Ice            0%         1d3       28%         1
 Sandblast                Erth           0%         2d4       28%         1
 Summon Small Mammal      Summ           0%         N/A       28%         1
 Passwall                 Tmut/Erth      0%         N/A       38%         2
 Call Canine Familiar     Summ           0%         N/A       63%         3
 Frozen Ramparts          Ice            0%         1d1       63%         3
 Hailstorm                Conj/Ice       0%         3d3       63%         3
 Stone Arrow              Conj/Erth      0%         3d7       63%         3
 Summon Guardian Golem    Hex/Summ       0%         N/A       63%         3
 Anguish                  Hex/Necr       0%         N/A       95%         4
 Cause Fear               Hex            0%         N/A       95%         4
 Summon Ice Beast         Ice/Summ       0%         N/A       95%         4
 Alistair's Intoxication  Tmut/Pois      0%         N/A       100%        5
 Summon Mana Viper        Hex/Summ       0%         N/A       100%        5
 Enfeeble                 Hex            0%         N/A       100%        7
 Monstrous Menagerie      Summ           0%         N/A       100%        7


Dungeon Overview and Level Annotations

Branches:
Dungeon (13/15)            Temple (0/1) D:5            Lair (5/5) D:10
  Swamp (0/4) Lair:2       Spider (0/4) Lair:3        Slime (0/5) Lair:5
    Orc (2/2) D:9             Elf (0/3) Orc:2        Vaults (0/5) D:13

Altars:
Ashenzari
Cheibriados
Elyvilon
Makhleb
Nemelex Xobeh
Okawaru
Qazlal
Uskayaw
Vehumet
Wu Jian
Xom
Yredelemnul
Jiyva

Shops:
D:8 (   Orc:2 ((

Annotations:
D:6 2 transporters, lonewolfV2's ghost, novice DsFi
Orc:2 Saint Roka


Innate Abilities, Weirdness & Mutations

You are too large for most types of armour.
You have claws for hands.
Your natural rate of healing is unusually fast.
You are covered in fur. (AC +1)
You have tough skin. (AC +1)
You have a pair of small horns on your head.
You have a somewhat thin skeletal structure. (Dex +2, Stealth+)
You are resistant to electric shocks. (rElec)
You expend magic power (3 MP) to strengthen your wands.


Message History

The orc wizard flickers and vanishes!
Deactivating autopickup; reactivate with Ctrl-A.
The orc closely misses you. You block the orc high priest's attack.
Activating: Slouch (1% risk of failure)
Press: ? - help, Dir - look around, f - activate You can feel time thicken for a moment.
You kill the orc!
Cheibriados appreciates the change of pace.
Cheibriados thoroughly appreciates the change of pace.
Reactivating autopickup.
You feel a bit more experienced.
You kill the orc priest!
Cheibriados appreciates the change of pace.
You kill the orc!
Cheibriados thoroughly appreciates the change of pace.
The orc high priest no longer looks unusually strong.
The orc sorcerer no longer looks unusually strong.
Saint Roka calls down the wrath of Beogh upon you.
Beogh smites you! You block the orc warrior's attack.
The orc sorcerer completely misses you. You block the orc high priest's attack.
You barely miss the orc sorcerer. Your headbutt misses the orc sorcerer.
The orc sorcerer is severely wounded.
You barely miss the orc sorcerer.
The orc sorcerer is severely wounded.
Saint Roka is no longer moving slowly.
The orc high priest hits you with a +0 mace!
You block the orc warrior's attack.
The orc sorcerer points at you and mumbles some strange words.
You suddenly lose the ability to move!
The orc warrior hits you with a +0 hand axe!
Saint Roka mumbles some strange prayers to Beogh against you.
Beogh smites you!
The orc high priest hits you with a +0 mace.
The orc warrior hits you with a +0 war axe!!
* * * LOW HITPOINT WARNING * * *
The orc sorcerer hits you but does no damage.
Saint Roka hits you with a +0 long sword!!
* * * LOW HITPOINT WARNING * * *
The orc warrior hits you with a +0 hand axe!
You die...

#####.## ##........# #
### ##### .#....#...#
#... .........## # #...
........#.## #.
#...####..........#
8##)###'##8.#.........##
.....)).....'.8.....).##
...)†8ooo)..'....#..)..#
....))o@))..'.8.#.....#)
8##'###o##8.#).......#))
#...####.#...#.....
#...# #..#.))......
#...# #.###..)....#
##### .. ###...### ..#
#....... ### #..)####
##.##...


You could see Saint Roka, an orc high priest, an orc sorcerer and 2 orc
warriors.

Vanquished Creatures
  4 tentacled starspawn (Abyss:3)
  A very ugly thing (Abyss:3)
  Josephine (Lair:3)
  A great orb of eyes (Abyss:3)
  Fannar (D:11)
  Harold (D:10)
  Erolcha (D:10)
  2 hydras (Lair:2)
  2 catoblepae
  2 centaur warriors
  A two-headed ogre (Orc:2)
  A merfolk avatar (Lair:5)
  A boulder beetle (Lair:5)
  11 death yaks
  An orc high priest (Orc:2)
  2 thrashing horrors (Abyss:3)
  10 skeletal warriors
  A skyshark (Lair:5)
  3 wretched stars
  An orb spider (Lair:3)
  9 wizards (D:13)
  2 orc knights
  Pikel (D:5)
  2 necromancers (D:13)
  3 orc sorcerers
  4 cyclopes
  A manticore (D:12)
  20 elephants
  3 centaur zombies (D:10)
  6 black mambas
  2 gargoyles
  9 cane toads
  Joseph (D:7)
  An unseen horror (D:12)
  An unseen horror zombie (D:10)
  8 komodo dragons
  3 kobold demonologists
  An ice devil (Abyss:3)
  10 rime drakes
  3 polar bears
  An ancient zyme (Abyss:3)
  18 trolls
  A harpy zombie (Abyss:3)
  A hornet (Lair:1)
  Grinder (D:4)
  3 raiju (Abyss:3)
  A snapping turtle (Lair:5)
  11 dream sheep
  23 blink frogs
  6 large abominations (Abyss:3)
  5 slime creatures
  4 wyverns
  A ynoxinul (Abyss:3)
  6 wraiths
  87 yaks
  A fire elemental (Abyss:3)
  A golden eye (shapeshifter) (D:13)
  An unseen horror simulacrum (D:10)
  A basilisk (Lair:2)
  6 vampire mosquitoes
  2 neqoxecs (Abyss:3)
  Eustachio (D:5)
  3 steam dragons
  3 wargs
  Menkaure (D:7)
  Edmund (D:6)
  An acid dragon (D:9)
  12 water moccasins
  27 orc warriors
  A sky beast (D:7)
  3 ice beasts
  2 black bears
  3 small abominations (Abyss:3)
  30 wolves
  17 centaurs
  9 ogres
  3 lemures (D:5)
  8 kobold brigands
  Blork the orc (D:4)
  3 gnoll sergeants
  4 scorpions
  A necrophage (D:10)
  8 bullfrogs
  13 wights
  5 killer bees (D:10)
  3 electric eels (D:10)
  A howler monkey (D:7)
  A lava snake (D:9)
  A crimson imp (Abyss:3)
  A human zombie (D:10)
  8 hounds
  An iron imp (D:3)
  A gnoll bouda (D:6)
  5 jellies
  29 orc priests
  A sleepcap (D:6)
  Ijyb (D:5)
  4 iguanas
  29 orc wizards
  Natasha (twice) (D:2)
  7 hell rats (Lair:4)
  2 howler monkey zombies (D:10)
  13 gnolls
  24 adders
  3 shadow imps
  4 white imps
  3 ufetubi
  A worm (D:2)
  A dart slug (D:3)
  113 orcs
  6 endoplasms
  2 giant cockroaches
  5 hobgoblins
  3 jackals (D:3)
  2 quokkas (D:2)
  2 ball pythons
  5 bats
  2 frilled lizards
  8 goblins
  38 kobolds
  2 rats
  A butterfly (D:5)
814 creatures vanquished.

Vanquished Creatures (others)
  A black bear (D:6)
  2 hounds (D:6)
  A gnoll bouda (D:6)
  An orc (D:6)
  8 foxfires (Abyss:3)
  A lurking horror (Abyss:3)
  4 starspawn tentacles (Abyss:3)
18 creatures vanquished.

Grand Total: 832 creatures vanquished

Notes
Turn   | Place    | Note
-------+----------+-------------------------------------------
     0 | D:1      | adizb the Troll Fighter began the quest for the Orb.
     0 | D:1      | Reached XP level 1. HP: 22/22 MP: 0/0
    23 | D:1      | Found a faded altar of an unknown god.
    32 | D:1      | Prayed at the altar of an unknown god.
    32 | D:1      | Became a worshipper of Cheibriados the Contemplative
    32 | D:1      | Reached * piety under Cheibriados
   363 | D:1      | Reached XP level 2. HP: 29/29 MP: 1/1
   785 | D:2      | Noticed Natasha
   797 | D:2      | Killed Natasha
   798 | D:2      | Reached XP level 3. HP: 17/36 MP: 2/2
   903 | D:2      | Reached skill level 3 in Unarmed Combat
   919 | D:2      | Reached ** piety under Cheibriados
   920 | D:2      | Reached XP level 4. HP: 43/44 MP: 3/3
  1181 | D:2      | Noticed Natasha
  1188 | D:2      | Killed Natasha
  1604 | D:3      | Found an iron altar of Okawaru.
  1753 | D:3      | Found a snail-covered altar of Cheibriados.
  1764 | D:3      | Reached XP level 5. HP: 43/53 MP: 4/4
  2082 | D:4      | Noticed Grinder
  2092 | D:4      | Reached *** piety under Cheibriados
  2105 | D:4      | Paralysed by Grinder for 3 turns
  2111 | D:4      | Paralysed by Grinder for 4 turns
  2114 | D:4      | Noticed an ogre
  2117 | D:4      | Killed Grinder
  2118 | D:4      | Reached skill level 4 in Unarmed Combat
  2118 | D:4      | Reached skill level 1 in Invocations
  2118 | D:4      | Reached XP level 6. HP: 61/61 MP: 4/6
  2179 | D:4      | Noticed Blork the orc
  2185 | D:4      | Killed Blork the orc
  2241 | D:4      | Reached XP level 7. HP: 67/67 MP: 7/7
  2342 | D:4      | Reached skill level 5 in Unarmed Combat
  2399 | D:4      | Gained mutation: Your flesh is heat resistant. (rF+)
                  | [potion of mutation]
  2399 | D:4      | Gained mutation: Your mind is acute. (Int +4, Str/Dex -1)
                  | [potion of mutation]
  2400 | D:4      | Lost mutation: Your flesh is heat resistant. (rF+) [potion
                  | of mutation]
  2400 | D:4      | Lost mutation: Your mind is acute. (Int +4, Str/Dex -1)
                  | [potion of mutation]
  2400 | D:4      | Gained mutation: You occasionally lose the ability to read
                  | scrolls when taking damage. [potion of mutation]
  2400 | D:4      | Gained mutation: You passively map a small area around you.
                  | [potion of mutation]
  2401 | D:4      | Lost mutation: You passively map a small area around you.
                  | [potion of mutation]
  2401 | D:4      | Lost mutation: You occasionally lose the ability to read
                  | scrolls when taking damage. [potion of mutation]
  2401 | D:4      | Gained mutation: Your mind is acute. (Int +4, Str/Dex -1)
                  | [potion of mutation]
  2401 | D:4      | Gained mutation: You are agile. (Dex +4, Str/Int -1)
                  | [potion of mutation]
  2610 | D:4      | Lost mutation: Your mind is acute. (Int +4, Str/Dex -1)
                  | [potion of mutation]
  2610 | D:4      | Lost mutation: You are agile. (Dex +4, Str/Int -1) [potion
                  | of mutation]
  2610 | D:4      | Gained mutation: You have a pair of small horns on your
                  | head. [potion of mutation]
  2610 | D:4      | Gained mutation: You are resistant to electric shocks.
                  | (rElec) [potion of mutation]
  2766 | D:4      | Identified the +10 falchion of Impermanence {flame, +Blink
                  | rPois Str+3 Int-5}
  2859 | D:4      | Found a white marble altar of Elyvilon.
  2874 | D:4      | Reached **** piety under Cheibriados
  3040 | D:5      | Entered Level 5 of the Dungeon
  3042 | D:5      | Noticed Eustachio
  3234 | D:5      | Reached XP level 8. HP: 75/78 MP: 9/9
  3259 | D:5      | Noticed Ijyb
  3269 | D:5      | Killed Ijyb
  3279 | D:5      | Found a staircase to the Ecumenical Temple.
  3323 | D:5      | Reached skill level 1 in Armour
  3323 | D:5      | Reached skill level 6 in Unarmed Combat
  3449 | D:5      | Found a stormy altar of Qazlal.
  3505 | D:5      | Found a radiant altar of Vehumet.
  3564 | D:5      | Noticed Pikel
  3597 | D:5      | Killed Pikel
  3616 | D:5      | Identified the +2 leather armour of Etaxzif {*Corrode rC+
                  | Will+ Int+3}
  3753 | D:5      | Killed Eustachio
  3825 | D:6      | Noticed Edmund
  3831 | D:6      | Killed Edmund
  3832 | D:6      | Reached skill level 5 in Shields
  3859 | D:6      | Found a transporter.
  3870 | D:6      | Noticed lonewolfV2's ghost (novice DsFi)
  3890 | D:6      | Reached skill level 7 in Unarmed Combat
  3890 | D:6      | Reached XP level 9. HP: 82/85 MP: 10/10
  3903 | D:6      | Found a shimmering altar of Xom.
  3914 | D:6      | Reached ***** piety under Cheibriados
  4164 | D:6      | Found a hide-covered altar of Uskayaw.
  4193 | D:6      | Noticed a white ugly thing
  4218 | D:6      | Found a transporter.
  4416 | D:7      | Noticed Menkaure
  4527 | D:7      | Reached skill level 5 in Fighting
  4527 | D:7      | Reached skill level 5 in Dodging
  4584 | D:7      | Killed Menkaure
  4608 | D:7      | Noticed Joseph
  4621 | D:7      | Killed Joseph
  4622 | D:7      | Reached skill level 8 in Unarmed Combat
  4772 | D:7      | Found an ornate altar of the Wu Jian Council.
  4927 | D:8      | Reached XP level 10. HP: 83/96 MP: 12/12
  4948 | D:8      | Found Dusabiwu's Weapon Shoppe.
  4996 | D:8      | Found a burning altar of Makhleb.
  5359 | D:9      | Reached skill level 5 in Invocations
  5368 | D:9      | Reached ****** piety under Cheibriados
  5458 | D:9      | Reached skill level 9 in Unarmed Combat
  5551 | D:9      | Identified the +5 short sword of Peril {freeze, Str+5}
  5571 | D:9      | Found a broken altar of Ashenzari.
  5637 | D:9      | Found a staircase to the Orcish Mines.
  5769 | D:9      | Identified the +2 ring mail of Chimes {rPois rF- rN++}
  5865 | D:9      | Noticed a soul eater
  6029 | D:9      | Reached XP level 11. HP: 37/105 MP: 14/14
  6144 | D:10     | Entered Level 10 of the Dungeon
  6194 | D:10     | Noticed Erolcha
  6217 | D:10     | Killed Erolcha
  6363 | D:10     | Reached skill level 10 in Unarmed Combat
  6388 | D:10     | Noticed Harold
  6398 | D:10     | Killed Harold
  6532 | D:10     | Found a sparkling altar of Nemelex Xobeh.
  6703 | D:10     | Found a staircase to the Lair.
  6719 | D:10     | Reached skill level 11 in Unarmed Combat
  6782 | D:10     | Found a basalt altar of Yredelemnul.
  7134 | D:11     | Noticed Fannar
  7146 | D:11     | Killed Fannar
  7147 | D:11     | Reached XP level 12. HP: 118/118 MP: 16/16
  7400 | D:11     | Reached skill level 12 in Unarmed Combat
  8363 | D:12     | Noticed a centaur warrior
  8371 | D:12     | Killed a centaur warrior
  8768 | D:13     | Reached XP level 13. HP: 119/127 MP: 17/17
  8777 | Abyss:3  | Cast into level 3 of the Abyss (a wizard)
  8806 | Abyss:3  | Noticed a tentacled starspawn
  8813 | Abyss:3  | Killed a tentacled starspawn
  8832 | Abyss:3  | HP: 5/101 [will-o-the-wisp (3)]
  8833 | Abyss:3  | Reached skill level 13 in Unarmed Combat
  8894 | Abyss:3  | Gained mutation: Armour fits poorly on your strangely
                  | shaped body. [a neqoxec]
  8895 | Abyss:3  | Gained mutation: You are occasionally teleported next to
                  | monsters. [a neqoxec]
  8915 | Abyss:3  | Noticed a tentacled starspawn
  8921 | Abyss:3  | Killed a tentacled starspawn
  8927 | Abyss:3  | Noticed a tentacled starspawn
  8930 | Abyss:3  | Killed a tentacled starspawn
  8933 | Abyss:3  | Noticed a white very ugly thing
  8945 | Abyss:3  | Killed a white very ugly thing
  8948 | D:13     | Escaped the Abyss
  9047 | D:13     | Lost mutation: Armour fits poorly on your strangely shaped
                  | body. [potion of mutation]
  9047 | D:13     | Lost mutation: You are occasionally teleported next to
                  | monsters. [potion of mutation]
  9047 | D:13     | Gained mutation: You have a somewhat thin skeletal
                  | structure. (Dex +2, Stealth+) [potion of mutation]
  9047 | D:13     | Gained mutation: You expend magic power (3 MP) to
                  | strengthen your wands. [potion of mutation]
  9277 | D:13     | Found the +3 warlock's mirror {omnireflect}
  9452 | Abyss:3  | Cast into level 3 of the Abyss (a wizard)
  9594 | Abyss:3  | Noticed a starcursed mass
  9610 | Abyss:3  | Noticed a tentacled starspawn
  9620 | Abyss:3  | Killed a tentacled starspawn
  9621 | Abyss:3  | Reached skill level 14 in Unarmed Combat
  9636 | D:13     | Escaped the Abyss
  9685 | D:13     | Reached XP level 14. HP: 83/137 MP: 19/19
  9685 | D:13     | Found a gate to the Vaults.
  9875 | Lair:1   | Entered Level 1 of the Lair of Beasts
 10119 | Lair:1   | You fall into a shaft and drop 1 floor!
 10208 | Lair:3   | Reached skill level 5 in Armour
 10424 | Lair:3   | Found a hole to the Spider Nest.
 10525 | Lair:3   | Noticed Josephine
 10535 | Lair:3   | Killed Josephine
 10809 | Lair:5   | Entered Level 5 of the Lair of Beasts
 10817 | Lair:4   | Reached skill level 10 in Shields
 11009 | Lair:5   | Reached skill level 15 in Unarmed Combat
 11114 | Lair:5   | Found a staircase to the Slime Pits.
 11114 | Lair:5   | Found a viscous altar of Jiyva.
 11221 | Lair:5   | Reached XP level 15. HP: 141/148 MP: 21/21
 11460 | Lair:5   | Found the ring of the Octopus King
 11464 | Lair:5   | Identified a ring of the Octopus King {Fly HP+2 AC+2 EV+2
                  | SH+2}
 11510 | Lair:5   | Reached skill level 10 in Invocations
 12212 | Lair:2   | Reached skill level 10 in Dodging
 12405 | Lair:2   | Reached skill level 10 in Fighting
 12476 | Lair:2   | Found a staircase to the Swamp.
 12490 | Lair:2   | Reached skill level 16 in Unarmed Combat
 12923 | Orc:1    | Entered Level 1 of the Orcish Mines
 12935 | Orc:1    | Paralysed by an orc sorcerer for 4 turns
 13112 | Orc:2    | Entered Level 2 of the Orcish Mines
 13320 | Orc:2    | Found Xary's Antique Weapon Shop.
 13343 | Orc:2    | Found a staircase to the Elven Halls.
 13612 | Orc:2    | Found Sobavesu's Antique Weapon Emporium.
 13800 | Orc:2    | Noticed Saint Roka
 13817 | Orc:2    | Paralysed by an orc sorcerer for 4 turns
 13818 | Orc:2    | HP: 3/151 [Saint Roka/+0 long sword (24)]
 13818 | Orc:2    | Mangled by an orc warrior

Illustrated notes

Levels and vault maps discovered:
D:1:      dpeg_arrival_simpleton_a, layout_loops_cross,
          hellmonk_ecumenical_altar_run_dry
D:2:      layout_basic, uniq_natasha
D:3:      layout_rooms, kennysheep_okawaru_gauntlet, slow_altar_1,
          minmay_diced_spiral
D:4:      minmay_angry_zag, layout_loops_corners, elyvilon_altar_1,
          nicolae_overflow_hidden_temple, kennysheep_generic_room_5,
          uniq_grinder, uniq_blork_the_orc
D:5:      layout_gridville, grunt_qazlal_clouds, mainiacjoe_overflow_24_doors,
          minmay_temple_entry_butterflies, uniq_ijyb, uniq_pikel, uniq_eustachio
D:6:      layout_rooms, mainiacjoe_overflow_alcove_4, xom_confusion_cloud,
          gammafunk_ghost_abyssal_escape, uniq_edmund
D:7:      layout_gridville, mainiacjoe_overflow_cross_hatched, st_stairs_6,
          uniq_joseph, uniq_menkaure
D:8:      black_bear_nest_1, layout_rooms, mainiacjoe_overflow_surrounded_room,
          serial_shops, nicolae_stop_n_shop_2
D:9:      layout_small_grid, nicolae_ashenzari_skybound, erik_orc_4,
          kennysheep_opposing_triangles
D:10:     layout_loops_cross, lemuel_mausoleum_altar_yredelemnul,
          mainiacjoe_overflow_tiny_flanked, erik_lair_island, serial_ice,
          serial_ice_j, serial_ice_d, serial_ice_m, serial_ice_b, special_room
          [special_room_orc], uniq_erolcha, uniq_harold
D:11:     layout_loops_corners, uniq_fannar
D:12:     cheibrodos_elevator_heist, layout_loops_ring
D:13:     minmay_smoke_and_mirrors, layout_loops_ring, david_vaults_1
Lair:1:   minmay_lair_venomous_thicket, layout_layer_cave, grunt_megastairs_2
Lair:2:   layout_regular_city, minmay_swamp_entry_reptiles, minmay_holes,
          nicolae_lair_grazing_beasts [nicolae_sub_lair_graze_edge,
          nicolae_sub_lair_graze_edge, nicolae_sub_lair_graze_edge,
          nicolae_sub_lair_graze_edge]
Lair:3:   layout_chaotic_city, nicolae_spider_entry_orb_guardian,
          lemuel_fruit_fields, uniq_josephine
Lair:4:   layout_big_grid, grunt_megastairs_3
Lair:5:   gammafunk_lair_ancient_temple, layout_regular_city,
          nicolae_slime_entry_field_trip, chequers_serial_rivers_micro_b,
          minmay_lindwurm_lava
Orc:1:    layout_caves, basic_altar
Orc:2:    grunt_orc_community_town_hall, layout_diamond_mine,
          grunt_orc_community_big_house_1, grunt_orc_community_big_house_2,
          grunt_orc_community_house_3, grunt_orc_community_house_1,
          grunt_orc_community_house_1, grunt_orc_community_house_1

Skill      XL: |  1  2  3  4  5  6  7  8  9 10 11 12 13 14 15 |
---------------+----------------------------------------------+-----
Shields        | 3 4 5 6 7 8 9 10 11 | 11.0
Unarmed Combat | 3 4 5 7 8 9 11 12 14 15 16 | 16.2
Fighting       | 3 4 5 6 7 8 9 10 | 10.1
Dodging        | 3 4 5 6 7 8 9 10 | 10.2
Invocations    | 1 2 3 4 5 6 7 9 10 | 10.5
Armour         | 2 3 4 6 7 |  7.0
Stealth        | |  0.3

Action                     |  1- 3 |  4- 6 |  7- 9 | 10-12 | 13-15 || total
---------------------------+-------+-------+-------+-------+-------++-------
  Melee: Unarmed           |    72 |    93 |   266 |   485 |  1029 ||  1945
         Headbutt          |       |       |    44 |   113 |   221 ||   378
  Throw: Dart              |       |       |       |     3 |       ||     3
         Large rock        |       |       |       |       |     5 ||     5
 Invoke: Bend Time         |       |       |     1 |       |     3 ||     4
         Step From Time    |       |       |       |       |     1 ||     1
         Slouch            |       |       |       |       |     6 ||     6
         Temporal Distorti |       |       |       |       |     1 ||     1
    Use: Scroll            |       |     1 |     7 |    13 |     9 ||    30
         Potion            |       |       |     4 |     1 |     2 ||     7
   Stab: Sleeping          |     1 |       |     6 |     5 |     5 ||    17
         Distracted        |       |       |       |     3 |     4 ||     7
         Petrified         |       |       |       |       |     4 ||     4
 Armour: Robe              |    23 |    30 |    34 |    59 |       ||   146
         Troll leather arm |       |       |       |    20 |   178 ||   198
  Dodge: Dodged            |    29 |    35 |   113 |   194 |   459 ||   830
  Block: Kite shield       |    20 |    40 |   155 |   234 |   709 ||  1158
